Map: Magannatha LE

Players

DarHaz - Winner!

  • Race: Protoss Protoss
  • League: Diamond
  • Spawn Location: 11:00

ZDW

  • Race: Zerg Zerg
  • League: Diamond
  • Spawn Location: 5:00

VOD

Have the link to the VOD?

Description

Time

  • Played on: Oct. 19, 2025, 12:19 p.m.
  • Length: 14:11
Show
View Real Time Build Order
Export as new Build Order

DarHaz Protoss - Winner!

Build Orders: Cannon Rush 

Get SALT Encoding   

  12  0:05  Probe  
  12  0:13  Probe  
  14  0:23  Probe  
  14  0:24  Pylon  
  16  0:42  Probe  
  16  0:46  Forge  
  16  0:54  Pylon  
  16  1:09  Probe  
  17  1:20  Photon Cannon  
  17  1:22  Gateway  
  17  1:26  Pylon  
  17  1:37  Photon Cannon  
  16  1:55  Photon Cannon  
  16  1:57  Photon Cannon  
  16  2:02  Zealot  
  16  2:07  Photon Cannon  
  16  2:14  Photon Cannon  
  18  2:19  Probe  
  18  2:20  Zealot  
  19  2:24  Pylon  
  21  2:31  Probe  
  21  2:33  Assimilator  
  22  2:45  Photon Cannon  
  22  3:03  Zealot  
  24  3:21  Pylon  
  24  3:24  Assimilator  
  24  3:29  Probe  
  23  4:00  Photon Cannon  
  23  4:03  Cybernetics Core  
  23  4:06  Nexus  
  21  4:34  Probe  
  22  4:42  Probe  
  23  4:53  Stargate  
  23  4:58  Stargate  
  23  5:05  Probe  
  24  5:17  Probe  
  23  5:38  Probe x2  
  25  5:47  Oracle x2  
  28  5:52  Probe x2  
  28  5:53  Assimilator  
  28  5:55  Assimilator  
  33  6:04  Probe x2  
  33  6:07  Pylon  
  35  6:16  Probe  
  35  6:17  Probe  
  37  6:28  Probe  
  37  6:29  Probe  
  39  6:38  Shield Battery  
  39  6:39  Void Ray  
  43  6:41  Probe x2  
  43  6:42  Void Ray  
  49  6:53  Probe x2  
  51  7:13  Protoss Air Weapons Level 1  
  45  7:17  Fleet Beacon  
  45  7:21  Probe x2  
  47  7:33  Probe x2  
  49  7:42  Pylon  
  49  7:49  Nexus  
  49  7:51  Probe x2  
  51  8:20  Tempest  
  51  8:21  Tempest  
  59  8:34  Probe  
  60  8:55  Tempest x2  
  60  8:56  Pylon  
  60  8:58  Assimilator  
  60  9:02  Assimilator  
  56  9:09  Pylon  
  64  9:28  Protoss Air Weapons Level 2  
  64  9:36  Tempest x2  
  68  9:44  Photon Cannon  
  68  9:45  Shield Battery  
  72  9:48  Stargate, Probe x2  
  72  9:49  Probe, Stargate  
  71  10:14  Tempest x2  
  75  10:29  Photon Cannon  
  75  10:30  Pylon  
  75  10:34  Photon Cannon  
  75  10:35  Tempest x2  
  75  10:39  Photon Cannon  
  75  10:41  Photon Cannon, Mothership  
  75  10:42  Pylon  
  83  10:49  Probe x2  
  89  11:04  Photon Cannon  
  88  11:20  Probe x2  
  88  11:24  Tempest x3  
  98  11:34  Tempest  
  98  11:38  Photon Cannon  
  98  11:41  Photon Cannon, Pylon  
  90  12:45  Tempest  
  90  12:49  Tempest  
  86  14:07  Pylon  
  86  14:08  Pylon  
Show
View Real Time Build Order
Export as new Build Order

ZDW Zerg 

Build Orders: Pool First 

Get SALT Encoding   

  12  0:00  Drone  
  13  0:12  Overlord  
  13  0:16  Drone  
  14  0:30  Drone x2  
  16  0:43  Spawning Pool  
  16  0:45  Drone  
  16  0:47  Drone  
  17  1:06  Hatchery  
  17  1:10  Drone  
  17  1:13  Extractor  
  17  1:18  Drone  
  17  1:36  Zergling x4  
  19  2:00  Drone x2  
  19  2:14  Roach Warren  
  17  2:25  Spine Crawler x2  
  17  2:29  Spine Crawler  
  14  2:31  Drone x3  
  14  2:36  Extractor  
  16  2:40  Spine Crawler  
  16  2:44  Spine Crawler  
  16  2:46  Spine Crawler  
  15  2:54  Roach  
  15  2:55  Roach  
  20  3:00  Spine Crawler  
  20  3:03  Roach  
  21  3:17  Spine Crawler  
  21  3:19  Roach  
  23  3:29  Roach  
  25  4:02  Roach  
  27  4:07  Drone x3  
  27  4:21  Drone  
  27  4:22  Overlord x2  
  28  4:41  Ravager x2  
  28  4:45  Drone x5  
  35  4:53  Drone  
  35  5:10  Drone x4  
  35  5:12  Queen  
  35  5:13  Queen  
  43  5:17  Ravager  
  44  5:38  Overlord x2  
  44  5:44  Overlord x2  
  44  5:48  Spore Crawler  
  43  5:50  Overlord  
  43  5:51  Overlord  
  43  6:00  Drone  
  44  6:05  Lair  
  44  6:06  Spore Crawler  
  44  6:07  Drone  
  44  6:14  Drone x4  
  48  6:24  Drone x4  
  52  6:32  Drone x4  
  56  6:43  Drone x2  
  58  6:48  Extractor  
  58  6:49  Extractor  
  58  6:50  Queen  
  55  7:03  Hatchery  
  54  7:14  Queen  
  56  7:21  Drone x6, Infestation Pit  
  61  7:23  Hydralisk Den  
  61  7:26  Queen  
  61  7:28  Drone x4  
  66  7:35  Evolution Chamber  
  66  7:36  Evolution Chamber  
  64  7:43  Drone x2, Overlord  
  66  7:44  Overlord  
  66  7:47  Overseer  
  66  8:17  Drone x11  
  77  8:20  Muscular Augments  
  77  8:26  Hydralisk x4  
  77  8:29  Spore Crawler  
  77  8:30  Zerg Missile Weapons Level 1  
  77  8:32  Zerg Ground Armor Level 1  
  84  8:38  Overlord x2  
  84  8:41  Overlord  
  84  9:05  Drone x8  
  84  9:07  Spore Crawler, Extractor  
  84  9:08  Extractor  
  89  9:11  Hydralisk  
  89  9:12  Hydralisk x2  
  95  9:22  Queen  
  97  9:26  Hydralisk x5  
  97  9:30  Glial Reconstitution  
  107  9:34  Grooved Spines  
  107  9:37  Drone x3  
  110  9:51  Hatchery  
  107  10:09  Hydralisk x6  
  119  10:23  Hydralisk  
  119  10:25  Overlord x4  
  121  10:32  Zerg Missile Weapons Level 2  
  121  10:37  Spore Crawler, Hydralisk  
  118  11:00  Hydralisk x5  
  118  11:22  Pneumatized Carapace  
  118  11:23  Hydralisk x2  
  113  11:25  Drone  
  113  11:26  Drone x12  
  126  11:38  Hydralisk x3  
  132  11:45  Hydralisk x2  
  132  12:02  Hydralisk x5  
  140  12:14  Hydralisk x4  
  142  12:23  Hydralisk x2  
  138  12:30  Spore Crawler, Extractor x2  
  138  12:31  Spore Crawler  
  138  12:34  Hydralisk  
  124  12:48  Hatchery  
  105  12:52  Hydralisk x5  
  112  13:00  Hydralisk  
  112  13:01  Hydralisk  
  108  13:09  Hydralisk  
  104  13:22  Hydralisk x3  
  108  13:28  Hydralisk  
  104  13:46  Hydralisk  
  104  13:47  Hydralisk x2  
  112  13:57  Hatchery  
Tags
 
Add a new tag
Caveats
  • Supply blocks, unpowered buildings, or Contaminate may cause inaccurate times.
  • Supply counts are checked every 10 seconds.